 Dungeon Crawl Stone Soup version 0.17.1-1-g73c8601 (webtiles) character file.

20 Beholder179 the Skirmisher (level 3, -2/31 HPs)
             Began as a Human Wanderer on Dec 17, 2015.
             Slain by a gnoll
             ... wielding a +0 halberd
              (11 damage)
             ... on level 1 of the Dungeon.
             The game lasted 00:09:08 (860 turns).

Beholder179 the Skirmisher (Human Wanderer)          Turns: 860, Time: 00:09:08

Health: -2/31      AC:  5    Str: 13    XL:     3   Next: 0%
Magic:  3/3        EV: 11    Int: 11    God:
Gold:   25         SH:  0    Dex: 13    Spells: 0 memorised, 2 levels left

rFire  . . .     SeeInvis .     b - +0 mace
rCold  . . .     Clarity  .     e - +0 robe
rNeg   . . .     SustAt   .     (no shield)
rPois  .         Gourm    .     (no helmet)
rElec  .         Spirit   .     (no cloak)
rCorr  .         Warding  .     (no gloves)
rMut   .         Stasis   .     h - +2 pair of boots
MR     .....                    (no amulet)
Stlth  ++........               (no ring)
                                (no ring)

@: not resistant to hostile enchantments, unstealthy
A: no striking features
a: no special abilities


You were on level 1 of the Dungeon.
You were not hungry.

You visited 1 branch of the dungeon, and saw 1 of its levels.

You collected 25 gold pieces.

Inventory:

Hand Weapons
 a - a +2 hand crossbow
 b - a +0 mace (weapon)
Missiles
 c - 25 bolts
Armour
 e - a +0 robe (worn)
 h - a +2 pair of boots (worn)
Jewellery
 m - an uncursed ring of positive energy {unknown}
Scrolls
 k - a scroll of random uselessness {unknown}
 n - a scroll of identify {unknown}
Potions
 i - 2 potions of might {unknown}
 l - a potion of lignification {unknown}
Comestibles
 f - a bread ration
 g - 2 chunks of flesh
 j - a meat ration


   Skills:
 + Level 4.6 Fighting
   Level 1.0 Bows
 * Level 1.4 Crossbows
 + Level 1.0 Throwing
 - Level 2.0 Armour
 - Level 1.0 Stealth


You had 2 spell levels left.
You didn't know any spells.

Dungeon Overview and Level Annotations

Branches:
Dungeon (1/15)

Altars:


Message History

You slip out of the net!
The gnoll throws a throwing net.
The throwing net completely misses you.
o - 2 throwing nets Throwing (i - inventory):
o - 2 throwing nets (quivered)
Press: ? - help, Shift-Dir - straight line, f - gnoll
Aim: a gnoll, wielding a halberd You throw a throwing net.
The throwing net closely misses the gnoll.
The gnoll hits you from afar with a halberd!
* * * LOW HITPOINT WARNING * * *
Throwing (i - inventory):
o - a throwing net (quivered)
Press: ? - help, Shift-Dir - straight line, f/p - gnoll
Aim: a gnoll, wielding a halberd You throw a throwing net.
The throwing net barely misses the gnoll.
The gnoll hits you with a halberd!
* * * LOW HITPOINT WARNING * * *
Drink which item? (? for menu, Esc to quit)
You feel better. The gnoll hits you with a halberd!
You die...

..###..#.##...#.###.#######.#.#
..###.........#.# #.# #.#.#
.......#.##...#.###.#######.#.###
.####..#.........................
.........)....#...............###
.##...........#.###########.###
.##.#..#.###.##.# #...#
.##.#..#####.##.###########.#
.#.............g@......# #.#
.......#####.##.######## #.#
#####).# #.##.# #.# #..# #.####
#.# #.# ### #.# #.# ##


You could see a gnoll.

Vanquished Creatures
  A giant gecko (D:1)
  A bat (D:1)
  4 hobgoblins (D:1)
  3 jackals (D:1)
  2 ball pythons (D:1)
  3 goblins (D:1)
  A kobold (D:1)
  3 rats (D:1)
18 creatures vanquished.

Notes
Turn   | Place    | Note
--------------------------------------------------------------
     0 | D:1      | Beholder179 the Human Wanderer began the quest for the Orb.
     0 | D:1      | Beholder179 set off with: a +2 hand crossbow, 25 bolts, a +0 mace, a potion of curing, a +0 robe, a bread ration
     0 | D:1      | Reached XP level 1. HP: 19/19 MP: 1/1
     5 | D:1      | Noticed a centaur
     5 | D:1      | Noticed a tengu
     7 | D:1      | Noticed a gargoyle
     7 | D:1      | Noticed a troll
     9 | D:1      | Noticed a demonspawn
     9 | D:1      | Noticed a merfolk
    11 | D:1      | Noticed a vampire
    11 | D:1      | Noticed a spriggan
    13 | D:1      | Noticed a ghoul
    15 | D:1      | Noticed a minotaur
    15 | D:1      | Noticed a vine stalker
    17 | D:1      | Noticed a formicid
    17 | D:1      | Noticed a draconian
    19 | D:1      | Noticed an octopode
    21 | D:1      | Noticed a dwarf
    21 | D:1      | Noticed a demigod
    23 | D:1      | Noticed an ogre
    25 | D:1      | Noticed an elf
    25 | D:1      | Noticed a naga
    27 | D:1      | Noticed a human
    29 | D:1      | Noticed a felid
   396 | D:1      | Reached XP level 2. HP: 25/25 MP: 2/2
   762 | D:1      | Reached XP level 3. HP: 16/31 MP: 3/3
   860 | D:1      | Slain by a gnoll

Action                   || total
-------------------------++-------
Melee: Mace              ||    64
Throw: Throwing net      ||     2
  Use: Potion            ||     1
 Stab: Sleeping          ||     1
